 Dungeon Crawl Stone Soup version 0.24.0-125-gc4c63601f3 (webtiles) character file.

Game seed: 1935635536113784603, levelgen mode: deterministic

31210 H0rd4k the Slicer (level 13, -10/103 HPs)
             Began as a Human Artificer on Mar 10, 2020.
             Was an Initiate of Gozag.
             Killed by divine providence
             ... invoked by an orc priest
              (13 damage)
             ... on level 2 of the Orcish Mines.
             The game lasted 00:58:06 (24391 turns).

H0rd4k the Slicer (Human Artificer)                Turns: 24391, Time: 00:58:06

Health: -10/103    AC:  5    Str: 17    XL:     13   Next: 94%
Magic:  17/17      EV: 20    Int: 16    God:    Gozag
Gold:   1387       SH:  0    Dex: 22    Spells: 12/12 levels left

rFire    + + .     SeeInvis .   y - +6 short sword (drain)
rCold    + . .     Gourm    .   (no shield)
rNeg     . . .     Faith    .   b - +1 leather armour
rPois    .         Spirit   .   (no helmet)
rElec    .         Reflect  .   (no cloak)
rCorr    .         Harm     .   (no gloves)
MR       .....                  (no boots)
Stlth    ++++++....             R - amulet of magic regeneration
HPRegen  0.27/turn              G - ring of the Briny Deep {rF+ rC+ Int+4 Dex+5 Stlth+}
MPRegen  0.40/turn              M - ring of the Octopus King {rF+ AC+1 EV+1 Str+1 Int+1 Dex+1}

@: slowed, drained, very slow
A: no striking features
a: Potion Petition, Call Merchant, Bribe Branch, Renounce Religion


You were on level 2 of the Orcish Mines.
You worshipped Gozag.
Gozag was most pleased with you.
You were hungry.

You visited 4 branches of the dungeon, and saw 20 of its levels.

You collected 3026 gold pieces.
You paid 1639 gold pieces to Gozag.

Inventory:

Hand Weapons
 a - a +0 short sword
 p - a +2 long sword of slicing
 x - a +0 falchion
 y - a +6 short sword of draining (weapon)
 z - a +3 short sword of freezing
Missiles
 o - a boomerang of dispersal
 q - 4 silver javelins
 u - 6 curare-tipped darts
 w - 68 poisoned darts (quivered)
Armour
 b - a +1 leather armour (worn)
Jewellery
 E - an uncursed ring of protection from magic
 G - the ring of the Briny Deep (left hand) {rF+ rC+ Int+4 Dex+5 Stlth+}
   (You found it on level 5 of the Lair of Beasts)

   [ring of protection from fire]

   It affects your intelligence (+4).
   It affects your dexterity (+5).
   It protects you from fire.
   It protects you from cold.
   It makes you more stealthy.
 M - a ring of the Octopus King (right hand) {rF+ AC+1 EV+1 Str+1 Int+1 Dex+1}
   (You found it on level 11 of the Dungeon)

   [ring of protection from fire]

   It affects your AC (+1).
   It affects your evasion (+1).
   It affects your strength (+1).
   It affects your intelligence (+1).
   It affects your dexterity (+1).
   It protects you from fire.
 R - an amulet of magic regeneration (around neck)
 W - an uncursed ring of ice
Wands
 c - a wand of flame (48)
 i - a wand of polymorph (19)
 C - a wand of digging (2)
 I - a wand of paralysis (9)
 N - a wand of random effects (2)
Scrolls
 e - a scroll of torment {unknown}
 g - a scroll of holy word {unknown}
 h - 8 scrolls of teleportation
 k - 2 scrolls of immolation
 m - 3 scrolls of remove curse
 t - a scroll of enchant armour
 D - 2 scrolls of magic mapping
 H - 3 scrolls of amnesia
 J - a scroll of vulnerability {unknown}
 K - 2 scrolls of fog
Potions
 j - 3 potions of heal wounds
 l - 4 potions of brilliance
 n - 5 potions of might
 r - 2 potions of agility
 s - 5 potions of cancellation
 v - 2 potions of flight
 F - a potion of ambrosia {unknown}
 O - 5 potions of degeneration {unknown}
 Q - a potion of mutation {unknown}
 U - a potion of curing
 X - a potion of berserk rage
Miscellaneous
 d - a crystal ball of energy
Comestibles
 f - 20 rations


   Skills:
 + Level 9.9(9.0) Fighting
 + Level 12.7(11.9) Short Blades
 + Level 2.1(7.8) Long Blades
 + Level 4.5(3.8) Throwing
 + Level 6.6(5.8) Armour
 + Level 8.8(8.0) Dodging
 + Level 10.6(9.7) Stealth
 + Level 5.6(4.8) Evocations


You had 12 spell levels left.
You didn't know any spells.
Your spell library contained the following spells:

 Spells                   Type           Power        Failure   Level  Hunger
 Flame Tongue             Conj/Fire      #....        30%         1    ##.....
 Throw Flame              Conj/Fire      #.....       41%         2    ###....
 Conjure Flame            Conj/Fire      #.......     65%         3    ####...
 Inner Flame              Hex/Fire       #.......     65%         3    ####...
 Sticky Flame             Conj/Fire      #.......     96%         4    #####..
 Fireball                 Conj/Fire      #.........   100%        5    ######.


Dungeon Overview and Level Annotations

Branches:
Dungeon (11/15)            Temple (1/1) D:5            Lair (6/6) D:9
 Shoals (0/4) Lair:4        Snake (0/4) Lair:2          Orc (2/2) D:11
  Slime: Lair:5-6       Elf: Orc:2

Altars:
Ashenzari
Cheibriados
Dithmenos
Elyvilon
Fedhas
Gozag
Hepliaklqana
Kikubaaqudgha
Makhleb
Nemelex Xobeh
Okawaru
Qazlal
Ru
Sif Muna
Trog
Uskayaw
Vehumet
Wu Jian
Xom
Yredelemnul
Zin
The Shining One

Shops:
D:5 *   D:9 (*   D:11 (   Orc:1 [   Orc:2 *(%!

Annotations:
D:2 exclusion: downstairs
D:6 exclusion: 2 upstairs
D:7 exclusion: 2 downstairs
D:8 3 runed translucent doors, Johnny's ghost, novice DEEE
D:11 exclusions: hydra and ugly thing
Lair:2 exclusion: upstairs
Lair:4 exclusions: downstairs and electric eel, Nessos
Lair:5 exclusions: death yak and downstairs, Rupert
Orc:1 exclusion: downstairs


Message History

You hit the orc wizard. You drain the orc wizard.
Your attack snaps the orc wizard out of its fear.
The orc wizard is heavily wounded.
The orc wizard misses you.
The ogre cries, "Help!"
The orc priest completely misses you.
The two-headed ogre seems to regain its courage.
The orc wizard misses you.
The two-headed ogre moans, "Oh dear!
Oh dear!"
The ogre hits you with a +0 giant club!!
* * * LOW HITPOINT WARNING * * *
The orc wizard closely misses you.
The two-headed ogre starts to cry.
The two-headed ogre gives up.
The ogre completely misses you.
The orc wizard hits you but does no damage.
The orc priest invokes the aid of Beogh against you.
Beogh smites you!
You die...
Your body crumbles into a pile of gold.

#...oO.oo.# ......#......#.##..
##O..$....O..................##.
##oO................OO.......#.
#......#..........###.O###...#.
##...#...#.......###.OC.## ...
##........O......##..O...# ...
#................##......# ...
##O#.............#........# .#.
#....O......Oo@..#...O....# ...
##........<......#...o....# ...
#...$.$.....Oo...#.o......# ...
#......O..........#........# .#.
##...............O....∩∩.... ..
##.........#.....O...∩∩.....
#............O..#o..
##..............#...
...............# .o


You could see 2 two-headed ogres, an ogre mage, 4 ogres, 2 orc priests and an
orc wizard.

Vanquished Creatures
  6 hydras
  3 two-headed ogres
  Urug (Lair:5)
  Pikel (D:5)
  An orc sorcerer (Orc:2)
  A cyclops (D:11)
  An elephant (Lair:5)
  3 black mambas
  10 spiny frogs
  3 komodo dragons
  A rime drake (Lair:4)
  Prince Ribbit (D:5)
  6 blink frogs
  2 dream sheep (D:11)
  A snapping turtle (Lair:4)
  8 hippogriffs
  3 wyverns
  2 spriggans (Lair:4)
  A wraith (D:11)
  A basilisk (Lair:4)
  15 yaks
  A hungry ghost (D:9)
  2 wargs (Orc:1)
  10 water moccasins
  Duvessa (D:5)
  6 porcupines
  A slave (D:5)
  3 sky beasts
  14 orc warriors
  A necrophage (D:11)
  4 black bears
  3 ice beasts
  A phantom (D:9)
  6 wolves
  9 ogres
  4 centaurs
  15 crocodiles
  6 big kobolds
  11 bullfrogs
  Dowan (D:5)
  3 killer bees (D:11)
  4 scorpions
  13 wights
  3 howler monkeys
  An electric eel (Lair:4)
  6 crimson imps
  2 centaur zombies
  A bullfrog zombie (D:5)
  2 quasits
  4 hounds
  3 jellies
  20 orc wizards
  12 orc priests
  5 bullfrog skeletons
  3 iguanas
  10 worker ants
  2 hound zombies
  3 worker ant zombies
  7 gnolls
  14 adders
  2 shadow imps
  2 oozes
  An adder skeleton (D:4)
  2 worms
  3 dart slugs
  4 leopard geckos
  65 orcs
  14 bats
  5 giant cockroaches
  11 goblins
  3 hobgoblins
  13 jackals
  23 kobolds
  5 quokkas
  3 ball pythons
  8 frilled lizards
  A jackal skeleton (D:4)
  2 leopard gecko skeletons
  A quokka zombie (D:5)
  5 rats
461 creatures vanquished.

Vanquished Creatures (collateral kills)
  An iguana (D:4)
  A worm (D:2)
  A leopard gecko (D:2)
  An orc (D:3)
  A hobgoblin (D:3)
  A kobold (D:3)
6 creatures vanquished.

Vanquished Creatures (others)
  Eustachio (D:5)
  A black bear (D:8)
  An adder (D:2)
  2 orcs (D:3)
  8 fungi
  6 plants
19 creatures vanquished.

Grand Total: 486 creatures vanquished

Notes
Turn   | Place    | Note
-------+----------+-------------------------------------------
     0 | D:1      | H0rd4k the Human Artificer began the quest for the Orb.
     0 | D:1      | Reached XP level 1. HP: 15/15 MP: 3/3
    97 | D:1      | Reached XP level 2. HP: 16/21 MP: 4/4
   346 | D:1      | Reached XP level 3. HP: 16/26 MP: 5/5
   718 | D:2      | Reached skill level 1 in Armour
   776 | D:2      | Reached skill level 2 in Short Blades
  1062 | D:2      | Reached XP level 4. HP: 26/32 MP: 6/6
  1908 | D:2      | Reached XP level 5. HP: 37/37 MP: 7/7
  2144 | D:3      | Reached skill level 3 in Short Blades
  2669 | D:3      | Reached XP level 6. HP: 34/44 MP: 8/8
  2908 | D:3      | Found a shadowy altar of Dithmenos.
  3152 | D:4      | Found a blossoming altar of Fedhas.
  3206 | D:4      | Noticed an ogre
  3270 | D:4      | Found a shimmering altar of Xom.
  3409 | D:4      | Killed an ogre
  3434 | D:4      | Reached XP level 7. HP: 25/50 MP: 10/10
  3461 | D:4      | Reached skill level 4 in Short Blades
  4187 | D:5      | Entered Level 5 of the Dungeon
  4229 | D:5      | Reached skill level 1 in Throwing
  4868 | D:5      | Found a glowing golden altar of the Shining One.
  5236 | D:5      | Reached XP level 8. HP: 27/57 MP: 11/11
  5292 | D:5      | Reached skill level 5 in Short Blades
  5306 | D:5      | Found a glowing golden altar of the Shining One.
  5316 | D:5      | Noticed Eustachio
  5344 | D:5      | Noticed Prince Ribbit
  5349 | D:5      | Found a basalt altar of Yredelemnul.
  5372 | D:5      | Killed Eustachio
  5752 | D:6      | Reached skill level 1 in Long Blades
  6478 | D:7      | Reached XP level 9. HP: 6/64 MP: 12/12
  6486 | D:8      | Reached skill level 6 in Short Blades
  6817 | D:7      | Found a hide-covered altar of Uskayaw.
  7497 | D:5      | Found a staircase to the Ecumenical Temple.
  7528 | D:5      | Noticed Dowan
  7532 | D:5      | Noticed Duvessa
  7536 | D:5      | Killed Dowan
  7545 | D:5      | Killed Duvessa
  7799 | D:5      | Found a sacrificial altar of Ru.
  7891 | D:5      | Killed Prince Ribbit
  7891 | D:5      | Reached skill level 7 in Short Blades
  7891 | D:5      | Reached skill level 5 in Dodging
  8189 | D:5      | Noticed Pikel
  8390 | D:5      | Paralysed by Pikel for 6 turns
  8410 | D:5      | Paralysed by Pikel for 2 turns
  8620 | D:7      | Reached XP level 10. HP: 37/73 MP: 13/13
  8738 | D:7      | Found a shattered altar of Ashenzari.
  8739 | D:7      | Found a stormy altar of Qazlal.
  8947 | D:7      | Found an ancient bone altar of Kikubaaqudgha.
  9056 | D:7      | Reached skill level 8 in Short Blades
  9056 | D:7      | Reached skill level 5 in Stealth
  9118 | D:8      | Reached skill level 5 in Fighting
 10168 | D:8      | Found a runed translucent gate.
 10168 | D:8      | Found a runed translucent gate.
 10168 | D:8      | Found a runed translucent gate.
 10169 | D:8      | Noticed Johnny's ghost (novice DEEE)
 10368 | D:9      | Reached skill level 9 in Short Blades
 10824 | D:9      | Found a staircase to the Lair.
 10843 | D:9      | Noticed a two-headed ogre
 10925 | D:9      | Killed a two-headed ogre
 10925 | D:9      | Reached skill level 5 in Armour
 10925 | D:9      | Reached XP level 11. HP: 81/81 MP: 14/14
 11319 | D:10     | Entered Level 10 of the Dungeon
 11875 | Temple   | Entered the Ecumenical Temple
 11886 | Temple   | Became a worshipper of Gozag Ym Sagoz the Greedy
 11941 | D:5      | Found Wuqaem's General Store.
 12075 | D:5      | Reached skill level 10 in Short Blades
 12412 | D:11     | Noticed a two-headed ogre
 12420 | D:11     | Killed a two-headed ogre
 12504 | D:11     | Noticed a purple ugly thing
 12590 | D:11     | Found the ring of the Octopus King
 12596 | D:11     | Got a ring of the Octopus King
 13254 | D:11     | Found Zazyqic's Weapon Shoppe.
 13261 | D:11     | Found a staircase to the Orcish Mines.
 13266 | D:11     | Noticed a cyclops
 13299 | D:11     | Killed a cyclops
 13955 | D:11     | Noticed a three-headed hydra
 14075 | D:11     | Identified a ring of the Octopus King {rF+ AC+1 EV+1 Str+1
                  | Int+1 Dex+1} (You found it on level 11 of the Dungeon)
 14575 | D:5      | Killed Pikel
 14575 | D:5      | Reached skill level 11 in Short Blades
 14575 | D:5      | Reached XP level 12. HP: 43/90 MP: 15/15
 14833 | Lair:1   | Entered Level 1 of the Lair of Beasts
 15990 | Lair:1   | Noticed a seven-headed hydra
 16416 | Lair:2   | Found a staircase to the Snake Pit.
 17145 | Lair:3   | Reached skill level 5 in Evocations
 17275 | Lair:3   | Noticed a six-headed hydra
 17552 | Lair:3   | Killed a six-headed hydra
 17552 | Lair:3   | Reached skill level 12 in Short Blades
 17597 | Lair:3   | Noticed a six-headed hydra
 17602 | Lair:3   | Killed a six-headed hydra
 18036 | Lair:4   | Noticed Nessos
 18071 | Lair:4   | Reached XP level 13. HP: 81/101 MP: 16/16
 18557 | Lair:4   | Found a staircase to the Shoals.
 18983 | Lair:1   | Killed a seven-headed hydra
 19178 | Lair:1   | Noticed a six-headed hydra
 19182 | Lair:1   | Killed a six-headed hydra
 19711 | Lair:5   | Noticed a six-headed hydra
 19721 | Lair:5   | Killed a six-headed hydra
 19800 | Lair:5   | Reached skill level 10 in Stealth
 19999 | Lair:5   | Noticed Urug
 20653 | Lair:5   | Got a fine bronze ring
 20657 | Lair:5   | Identified the ring of the Briny Deep {rF+ rC+ Int+4 Dex+5
                  | Stlth+} (You found it on level 5 of the Lair of Beasts)
 20691 | Lair:5   | Killed Urug
 20860 | Lair:5   | Noticed Rupert
 21081 | Lair:5   | Noticed a seven-headed hydra
 21099 | Lair:5   | Noticed a six-headed hydra
 21099 | Lair:5   | Noticed a four-headed hydra
 21751 | Lair:5   | Killed a six-headed hydra
 21999 | Lair:6   | Entered Level 6 of the Lair of Beasts
 22186 | Lair:6   | Noticed a five-headed hydra
 22908 | Orc:1    | Entered Level 1 of the Orcish Mines
 22913 | Orc:1    | Found Vesimu's Antique Armour Boutique.
 23773 | Orc:2    | Entered Level 2 of the Orcish Mines
 24248 | Orc:2    | Noticed an ettin
 24351 | Orc:2    | Found Ficuwe's Food Boutique.
 24351 | Orc:2    | Found Nusuymac's General Store.
 24351 | Orc:2    | Found Dadghaxenk's Distillery.
 24351 | Orc:2    | Found Baiv's Weapon Boutique.
 24384 | Orc:2    | Noticed an ogre mage
 24390 | Orc:2    | HP: 3/103 [ogre/+0 giant club (20)]
 24391 | Orc:2    | Killed from afar by an orc priest

Levels and vault maps discovered:
D:1:      dpeg_arrival_oval, layout_basic
D:2:      layout_rooms, minmay_joined_circles
D:3:      layout_loops_ring, overflow_temple_1_default, hex_tiny,
          wander_ebering_terrifying_dragon_lair
D:4:      minmay_octagon_keep, layout_basic, fedhas_altar_1, lemuel_round_altar,
          first_ration, hangedman_abyss_or_decor_passed
D:5:      black_bear_nest_2, layout_basic, grunt_temple_overflow_holy_war,
          nicolae_overflow_hidden_temple, minmay_temple_entry_glass,
          basic_altar, serial_shops, kennysheep_mini, uniq_pikel,
          uniq_eustachio, uniq_prince_ribbit1, uniq_duvessa
D:6:      layout_cave_pods
D:7:      layout_loops_ring, kennysheep_little_box,
          gammafunk_temple_overflow_pools, lemuel_doored_altar, chequers_garden,
          kennysheep_generic_room_11
D:8:      layout_rooms, gammafunk_ghost_split
D:9:      layout_loops_cross, lair_entry_dummy
D:10:     layout_rooms
D:11:     layout_stronghold, orc_david_3, hangedman_ranch
          [blue_anna_fruit_fields]
Temple:   nicolae_temple_no_exploring_needed
Lair:1:   layout_loops_ring, minivault_26
Lair:2:   layout_small_grid, dummy_snake_entry
Lair:3:   layout_roguey, st_stairs_12
Lair:4:   wad_woods_tower, layout_regular_city, minmay_shoals_entry_hut,
          nicolae_lair_grove_arrangements, st_stairs_9, serial_bayou_shore_b,
          uniq_nessos
Lair:5:   layout_cave_shapes, dpeg_slime_entry_enclosed_altar,
          minmay_shattered_shrine, uniq_urug, uniq_rupert
Lair:6:   grunt_lair_end_beastmaster, layout_gridlike
Orc:1:    layout_caves, serial_shops, shop_statue, nicolae_orc_damp_corner,
          mines_bat_river
Orc:2:    st_orc_ogre_mass, layout_caves

Skill      XL: |  1  2  3  4  5  6  7  8  9 10 11 12 13 |
---------------+----------------------------------------+-----
Armour         | 1 2 3 4 5 6 |  6.6
Short Blades   | 2 3 4 5 7 9 11 12 | 12.7
Fighting       | 2 3 4 6 7 9 |  9.9
Dodging        | 3 4 5 6 7 8 |  8.8
Evocations     | 4 5 |  5.6
Stealth        | 2 3 4 5 7 8 10 | 10.6
Throwing       | 1 2 3 4 |  4.5
Long Blades    | 1 2 |  2.1

Action                   |  1- 3 |  4- 6 |  7- 9 | 10-12 | 13-15 || total
-------------------------+-------+-------+-------+-------+-------++-------
Melee: Short sword       |   131 |   245 |   595 |  1063 |   434 ||  2468
       Falchion          |       |       |    76 |       |       ||    76
Throw: Javelin           |       |     4 |       |     4 |       ||     8
       Dart              |       |     7 |     6 |    30 |    38 ||    81
Invok: Call Merchant     |       |       |       |       |     2 ||     2
Evoke: Wand              |     2 |    30 |    25 |    16 |    12 ||    85
  Use: Scroll            |       |       |    11 |     8 |    16 ||    35
       Potion            |       |       |     2 |     3 |     2 ||     7
 Stab: Sleeping          |       |     3 |     6 |    25 |    12 ||    46
       Paralysed         |       |       |    10 |     2 |     1 ||    13
       Distracted        |       |       |       |     5 |     4 ||     9
  Eat: Chunk             |     1 |     7 |    14 |     9 |       ||    31
       Ration            |       |       |     1 |     6 |     6 ||    13
Armor: Leather armour    |    36 |    56 |   117 |   136 |    31 ||   376
Dodge: Dodged            |   100 |   176 |   389 |   485 |   253 ||  1403
       Rpst.: Falchion   |       |       |    10 |       |       ||    10
